 Dungeon Crawl Stone Soup version 0.19.0-16-g73b5abf (webtiles) character file.

282 HessuHobo the Insei (level 5, -4/41 HPs)
             Began as a Demigod Transmuter on Nov 10, 2016.
             Slain by a worm (10 damage)
             ... on level 3 of the Dungeon on Nov 11, 2016.
             The game lasted 00:53:36 (3205 turns).

HessuHobo the Insei (Demigod Transmuter)            Turns: 3205, Time: 00:53:36

Health: -4/41      AC:  3    Str: 15    XL:     5   Next: 77%
Magic:  11/11      EV: 13    Int: 17    God:
Gold:   41         SH:  0    Dex: 16    Spells: 3 memorised, 3 levels left

rFire  . . .     SeeInvis .     C - +0 scythe
rCold  . . .     Gourm    .     g - +0 robe
rNeg   . . .     Faith    .     (shield currently unavailable)
rPois  .         Spirit   .     n - +0 helmet
rElec  .         Reflect  .     (no cloak)
rCorr  .         Harm     .     (no gloves)
MR     .....                    (no boots)
Stlth  ++........               (no amulet)
                                (no ring)
                                (no ring)

@: no status effects
A: high mp 1
a: no special abilities


You were on level 3 of the Dungeon.
You were not hungry.

You visited 1 branch of the dungeon, and saw 3 of its levels.

You collected 41 gold pieces.

Inventory:

Hand Weapons
 i - a +0 dagger
 j - a +0 club
 k - a +0 mace
 p - a +0 club
 r - a +0 dagger
 s - a +0 dagger
 t - a +0 spear
 w - a +0 club
 y - a +0 short sword
 C - a +0 scythe (weapon)
 G - a +0 hunting sling
 I - a +0 dagger
 M - a +0 short sword
 N - a +0 short sword
 O - a +0 whip
 R - a +0 hand axe
 S - a +3 hand axe of flaming
 V - a +0 hunting sling
Missiles
 a - 33 arrows
 h - 121 stones (quivered)
 z - 21 sling bullets
Armour
 b - a +0 robe
 e - a +0 robe
 g - a +0 robe (worn)
 n - a +0 helmet (worn)
 u - a +0 ring mail
 v - a +0 ring mail
 x - a +0 leather armour
 D - a +0 robe
 F - a +0 scale mail
 K - a +0 robe
 P - a +0 leather armour
 Q - a +0 ring mail
Wands
 B - a wand of slowing (20/48)
Scrolls
 l - 2 scrolls of remove curse
 m - a scroll of identify
 o - a scroll of magic mapping {unknown}
 J - a scroll of fog {unknown}
 W - a scroll of immolation {unknown}
Potions
 f - 2 potions of haste {unknown}
 q - 3 potions of lignification {unknown}
 A - a potion of resistance {unknown}
 E - a potion of invisibility {unknown}
 H - a potion of brilliance {unknown}
 L - 2 potions of degeneration {unknown}
Books
 c - a book of Changes

   Spells                             Type                      Level
   a - Beastly Appendage              Transmutation                1
   b - Sticks to Snakes               Transmutation                2
   c - Spider Form                    Transmutation/Poison         3
   d - Ice Form                       Ice/Transmutation            4
   e - Blade Hands                    Transmutation                5
Comestibles
 d - a bread ration


   Skills:
 + Level 2.1 Fighting
 + Level 1.7 Maces & Flails
 + Level 1.3 Polearms
 + Level 0.6 Armour
 + Level 2.6 Dodging
 + Level 1.3 Stealth
 + Level 3.3 Unarmed Combat
 + Level 2.5 Spellcasting
 + Level 2.4 Transmutations


You had 3 spell levels left.
You knew the following spells:

 Your Spells              Type           Power        Failure   Level  Hunger
a - Beastly Appendage     Tmut           ##....       10%         1    #......
b - Sticks to Snakes      Tmut           ##......     12%         2    ##.....
c - Spider Form           Tmut/Pois      #.........   38%         3    ###....


Dungeon Overview and Level Annotations

Branches:
Dungeon (3/15)


Innate Abilities, Weirdness & Mutations

You have an increased reservoir of magic. (+10% MP)


Message History

The orc hits you with a club. The quokka bites you.
You barely miss the quokka. The quokka barely misses you.
The orc barely misses you. The quokka bites you.
The orc hits you but does no damage.
You hit the quokka but do no damage. The quokka misses you.
The orc hits you with a club. The quokka misses you.
You hit the quokka but do no damage. The quokka bites you.
The orc barely misses you. The quokka barely misses you.
The orc hits you with a club. The quokka misses you.
You slash the quokka!
You kill the quokka!
The orc misses you. x2
You slash the orc!
You kill the orc!
You slash the worm!
The worm is almost dead.
The worm bites you!
* * * LOW HITPOINT WARNING * * *
The worm bites you!
You die...

#### ....
.....
.....
.....
....#####
###....#
#...w(.#
#.#.#@.#
#.#..#
#.#..#
#.#..#
#.#..#
#.#..#####
#.#.....<#
#.######
...


You could see a worm.

Vanquished Creatures
  Sigmund (D:2)
  A gnoll (D:3)
  4 adders
  3 worms
  2 dart slugs
  5 orcs (D:3)
  2 giant cockroaches
  3 goblins (D:1)
  4 hobgoblins
  4 jackals (D:2)
  6 kobolds
  A quokka (D:3)
  3 ball pythons
  6 bats
  A frilled lizard (D:1)
  6 rats
52 creatures vanquished.

Vanquished Creatures (collateral kills)
  A gnoll (D:1)
  A goblin (D:1)
  A kobold (D:1)
3 creatures vanquished.

Grand Total: 55 creatures vanquished

Notes
Turn   | Place    | Note
-------+----------+-------------------------------------------
     0 | D:1      | HessuHobo the Demigod Transmuter began the quest for the Orb.
     0 | D:1      | Reached XP level 1. HP: 15/15 MP: 5/5
   387 | D:1      | Reached XP level 2. HP: 16/22 MP: 5/7
   394 | D:1      | Reached skill level 1 in Fighting
   505 | D:1      | Reached skill level 3 in Unarmed Combat
   597 | D:1      | Learned a level 2 spell: Sticks to Snakes
  1669 | D:2      | Reached skill level 1 in Maces & Flails
  1669 | D:2      | Reached XP level 3. HP: 24/28 MP: 8/8
  1677 | D:2      | Learned a level 3 spell: Spider Form
  1719 | D:2      | Noticed Sigmund
  1737 | D:2      | Killed Sigmund
  1737 | D:2      | Reached skill level 1 in Stealth
  1737 | D:2      | Reached XP level 4. HP: 28/36 MP: 1/10
  1737 | D:2      | Reached XP level 5. HP: 32/41 MP: 1/11
  2218 | D:2      | Reached skill level 1 in Polearms
  2862 | D:3      | HP: 2/41 [gnoll/spear (2)]
  3205 | D:3      | Slain by a worm

Skill      XL: |  1  2  3  4  5 |
---------------+----------------+-----
Spellcasting   | 2 |  2.5
Fighting       | 1 2 |  2.1
Unarmed Combat | 3 |  3.3
Transmutations | 2 |  2.4
Dodging        | 2 |  2.6
Maces & Flails | 1 |  1.7
Stealth        | 1 |  1.3
Polearms       | 1 |  1.3
Armour         | |  0.6

Action                   |  1- 3 |  4- 6 || total
-------------------------+-------+-------++-------
Melee: Mace              |    36 |       ||    36
       Kick              |     8 |       ||     8
       Unarmed           |    15 |    31 ||    46
       Spear             |    46 |       ||    46
       Punch             |     1 |     1 ||     2
       Scythe            |       |    64 ||    64
Throw: Stone             |     2 |       ||     2
 Cast: Beastly Appendage |     7 |       ||     7
       Sticks to Snakes  |     1 |       ||     1
       Spider Form       |     2 |     1 ||     3
  Use: Scroll            |     2 |     1 ||     3
 Stab: Sleeping          |       |     1 ||     1
  Eat: Chunk             |     1 |     2 ||     3
       Bread ration      |     1 |     1 ||     2
Armor: Robe              |    13 |    23 ||    36
       Ring mail         |    12 |       ||    12
Dodge: Dodged            |    78 |    77 ||   155
